Map: Orbital Shipyard

Players

iGMacSed (MacSed) - Winner!

  • Race: Protoss Protoss

LiquidSnute (Snute)

  • Race: Zerg Zerg

Event: NationWars III

VOD

Have the link to the VOD?

Description

Time

  • Played on: Dec. 4, 2015, 2:53 p.m.
  • Length: 13:06

All games in this series

Show
View Real Time Build Order
Export as new Build Order

iGMacSed Protoss - Winner!

Build Orders: Nexus First 

Get SALT Encoding   

  12  0:01  Probe (Chrono Boost)  
  13  0:11  Probe (Chrono Boost)  
  14  0:17  Pylon  
  14  0:22  Probe (Chrono Boost)  
  16  0:35  Probe (Chrono Boost)  
  16  0:46  Probe (Chrono Boost)  
  17  0:57  Probe (Chrono Boost)  
  18  1:03  Nexus  
  18  1:12  Gateway  
  18  1:15  Probe (Chrono Boost)  
  19  1:25  Assimilator  
  19  1:26  Probe (Chrono Boost)  
  19  1:31  Assimilator  
  20  1:36  Probe (Chrono Boost)  
  21  1:40  Pylon  
  22  1:47  Probe (Chrono Boost)  
  22  1:57  Probe (Chrono Boost)  
  22  2:00  Cybernetics Core  
  23  2:08  Probe (Chrono Boost)  
  24  2:10  Zealot  
  26  2:16  Probe (Chrono Boost)  
  26  2:18  Probe (Chrono Boost)  
  28  2:26  Probe (Chrono Boost)  
  28  2:29  Probe (Chrono Boost)  
  30  2:36  Warp Gate  
  31  2:37  Probe (Chrono Boost), Adept  
  31  2:40  Probe (Chrono Boost)  
  34  2:47  Probe (Chrono Boost)  
  34  2:51  Probe (Chrono Boost)  
  36  2:55  Nexus  
  36  2:59  Probe (Chrono Boost)  
  36  3:02  Mothership Core (Chrono Boost)  
  39  3:06  Adept  
  39  3:10  Probe (Chrono Boost)  
  42  3:16  Pylon  
  42  3:20  Probe (Chrono Boost)  
  42  3:23  Probe (Chrono Boost)  
  42  3:25  Robotics Facility  
  44  3:31  Probe (Chrono Boost)  
  44  3:33  Probe (Chrono Boost)  
  44  3:34  Pylon  
  46  3:35  Adept  
  48  3:41  Probe (Chrono Boost)  
  48  3:44  Probe (Chrono Boost)  
  50  3:52  Probe (Chrono Boost)  
  50  3:54  Gateway  
  50  3:55  Probe (Chrono Boost), Gateway  
  52  3:57  Gateway  
  52  4:02  Gateway  
  53  4:03  Probe (Chrono Boost)  
  53  4:04  Adept  
  53  4:08  Probe (Chrono Boost)  
  56  4:12  Probe (Chrono Boost), Warp Prism (Chrono Boost)  
  56  4:14  Probe  
  60  4:22  Probe, Gateway  
  60  4:23  Probe  
  61  4:24  Probe  
  63  4:33  Forge, Pylon  
  63  4:34  Probe  
  63  4:36  Probe x2  
  66  4:44  Observer (Chrono Boost)  
  67  4:46  Probe x2  
  67  4:47  Pylon  
  67  4:51  Adept x3  
  77  4:57  Probe  
  77  4:58  Probe  
  77  4:59  Probe  
  79  5:02  Assimilator  
  79  5:03  Pylon  
  78  5:07  Assimilator  
  78  5:08  Probe  
  78  5:12  Observer (Chrono Boost)  
  80  5:17  Probe  
  81  5:22  Probe, Adept x5  
  81  5:23  Adept  
  90  5:32  Probe  
  90  5:34  Probe  
  89  5:38  Stargate  
  89  5:42  Probe, Stargate  
  88  5:45  Probe  
  84  5:51  Warp Prism (Chrono Boost)  
  84  5:52  Probe  
  84  5:54  Pylon  
  83  6:03  Protoss Ground Weapons Level 1 (Chrono Boost)  
  83  6:04  Gateway  
  73  6:05  Gateway  
  73  6:06  Probe  
  73  6:07  Gateway  
  73  6:08  Probe  
  73  6:09  Pylon  
  73  6:10  Pylon  
  73  6:11  Assimilator x2  
  75  6:17  Probe  
  75  6:19  Pylon  
  75  6:20  Pylon  
  75  6:22  Immortal (Chrono Boost)  
  84  6:32  Photon Cannon  
  84  6:34  Adept x3, Photon Cannon  
  84  6:35  Adept x2  
  94  6:46  Probe  
  98  6:47  Probe  
  98  6:52  Phoenix x2 (Chrono Boost)  
  96  7:01  Pylon x2  
  96  7:05  Pylon, Photon Cannon  
  96  7:10  Zealot x2  
  96  7:12  Twilight Council  
  96  7:13  Phoenix x2 (Chrono Boost)  
  104  7:20  Stalker x2  
  104  7:21  Stalker  
  109  7:30  Pylon  
  109  7:33  Immortal, Phoenix (Chrono Boost)  
  109  7:35  Phoenix (Chrono Boost)  
  117  7:38  Photon Cannon  
  117  7:39  Photon Cannon  
  117  7:48  Zealot x3  
  117  7:49  Sentry, Zealot  
  117  7:50  Zealot x2  
  129  7:53  Phoenix  
  129  7:55  Zealot x2  
  129  7:58  Charge (Chrono Boost)  
  135  7:59  Phoenix, Protoss Ground Weapons Level 2 (Chrono Boost)  
  135  8:04  Gateway  
  137  8:07  Pylon  
  137  8:14  Zealot x6  
  137  8:16  Zealot  
  151  8:21  Immortal  
  155  8:30  Zealot x2  
  159  8:41  Zealot x7  
  159  8:45  Phoenix  
  175  8:52  Templar Archives  
  175  8:55  Zealot x2  
  179  9:01  Pylon  
  179  9:02  Pylon, Warp Prism  
  181  9:24  Pylon x2  
  181  9:28  High Templar x3  
  181  9:29  High Templar x2  
  181  9:30  High Templar  
  181  9:31  Zealot x2  
  197  9:32  Archon  
  197  9:33  Archon  
  197  9:34  Archon  
  197  9:35  Pylon  
  191  9:50  Pylon  
  191  10:03  Zealot  
  191  10:04  Zealot x3  
  195  10:40  Zealot x4  
  195  10:41  Zealot x6  
  143  10:53  Immortal  
  137  11:01  Zealot x10  
  149  11:05  Void Ray x2  
  139  11:21  Zealot x3  
  139  11:22  High Templar x6  
  139  11:23  High Templar  
  159  11:26  Archon x3  
  153  11:45  Zealot x3  
  136  11:48  Void Ray  
  136  11:50  Zealot x4  
  136  11:53  Immortal  
  142  11:55  Zealot x6  
  142  12:07  Void Ray  
  136  12:11  Zealot x2  
  136  12:12  Zealot  
  136  12:16  Zealot  
  127  12:24  High Templar x2  
  127  12:25  High Templar x2  
  131  12:30  Archon x2  
  131  12:42  Zealot  
  131  12:43  Zealot x3  
  135  12:49  Zealot x2  
  129  12:52  Zealot x2  
Show
View Real Time Build Order
Export as new Build Order

LiquidSnute Zerg 

Build Orders: 3 Hatch before Pool 

Get SALT Encoding   

  12  0:00  Drone  
  13  0:12  Overlord  
  13  0:17  Drone  
  14  0:30  Drone x2  
  14  0:34  Drone  
  17  0:53  Hatchery  
  17  0:54  Drone  
  17  0:57  Drone  
  18  1:20  Hatchery  
  17  1:31  Spawning Pool  
  16  1:34  Drone  
  16  1:37  Drone  
  16  1:39  Drone  
  19  1:46  Drone  
  20  1:56  Drone  
  21  2:05  Drone  
  21  2:06  Drone  
  24  2:15  Drone  
  24  2:17  Overlord  
  24  2:18  Queen x2  
  28  2:32  Queen, Zergling x2  
  28  2:33  Drone  
  28  2:34  Drone  
  34  2:37  Drone  
  34  2:39  Overlord  
  34  2:45  Drone  
  34  2:49  Drone x2  
  37  2:54  Drone, Queen  
  40  2:59  Drone  
  40  3:01  Drone  
  40  3:02  Queen  
  44  3:09  Overlord  
  44  3:10  Drone  
  44  3:11  Drone  
  46  3:14  Extractor  
  46  3:15  Extractor  
  46  3:16  Drone  
  45  3:20  Drone  
  45  3:21  Drone  
  45  3:26  Drone x4  
  50  3:27  Drone x2  
  50  3:28  Drone  
  50  3:32  Overlord  
  53  3:36  Drone  
  53  3:39  Drone  
  55  3:43  Drone x3  
  55  3:44  Overlord  
  58  3:49  Overlord  
  58  3:50  Drone  
  58  3:52  Queen  
  58  3:53  Drone  
  63  3:55  Drone  
  63  3:57  Drone  
  63  3:58  Drone  
  63  3:59  Drone  
  66  4:02  Lair  
  66  4:04  Drone  
  66  4:07  Extractor  
  66  4:08  Extractor  
  66  4:09  Extractor x2  
  63  4:10  Roach Warren  
  63  4:12  Drone  
  63  4:13  Drone  
  63  4:14  Drone  
  63  4:16  Drone  
  66  4:18  Drone x2  
  66  4:20  Drone x2  
  66  4:22  Drone  
  66  4:23  Drone  
  72  4:25  Overlord  
  72  4:37  Overlord x3  
  72  4:39  Metabolic Boost  
  72  4:42  Overlord  
  72  4:46  Overlord  
  72  4:51  Roach x5  
  82  4:54  Roach x2  
  82  4:56  Drone  
  82  4:57  Drone  
  90  5:00  Evolution Chamber, Roach  
  89  5:07  Spire  
  88  5:22  Drone x3  
  88  5:24  Roach x8  
  88  5:28  Ravager x2  
  108  5:32  Roach  
  108  5:33  Roach x2  
  109  5:37  Roach  
  109  5:41  Roach  
  109  5:42  Roach  
  113  5:53  Drone x5  
  113  5:56  Drone x2  
  118  5:57  Drone  
  118  6:03  Drone  
  118  6:04  Drone  
  118  6:05  Drone  
  118  6:07  Drone  
  118  6:11  Zerg Melee Weapons Level 1  
  120  6:15  Overlord  
  120  6:21  Zerg Flyer Weapons Level 1  
  120  6:26  Mutalisk x2  
  120  6:28  Glial Reconstitution  
  120  6:31  Overlord  
  124  6:34  Mutalisk  
  124  6:35  Mutalisk  
  124  6:39  Hatchery  
  127  6:41  Mutalisk x2  
  131  6:47  Mutalisk  
  131  6:50  Overlord  
  131  6:51  Drone  
  131  6:52  Drone x4  
  138  7:00  Zergling x12  
  144  7:04  Spore Crawler  
  144  7:05  Spore Crawler  
  142  7:11  Overseer  
  142  7:12  Drone x3  
  145  7:18  Zergling x6  
  148  7:23  Zergling x12  
  152  7:31  Drone  
  152  7:32  Infestation Pit  
  152  7:35  Drone x2  
  154  7:44  Overlord x3  
  154  7:45  Overlord x2  
  154  7:49  Evolution Chamber  
  154  7:50  Spore Crawler  
  152  7:52  Spore Crawler x2  
  152  7:53  Drone x2  
  152  7:56  Spore Crawler  
  151  8:02  Queen x3  
  151  8:04  Drone x2  
  151  8:05  Drone  
  162  8:07  Drone x2  
  162  8:12  Hive, Zerg Melee Weapons Level 2  
  162  8:15  Zerg Ground Armor Level 1  
  162  8:17  Drone  
  163  8:21  Infestor  
  163  8:22  Infestor x2  
  167  8:38  Queen  
  163  8:41  Overlord x2  
  163  8:48  Infestor  
  161  8:53  Queen x2  
  163  9:13  Drone x4, Spine Crawler, Queen  
  163  9:14  Drone x3  
  163  9:15  Spine Crawler  
  163  9:16  Spine Crawler  
  169  9:17  Spine Crawler  
  169  9:24  Greater Spire  
  168  9:28  Extractor x2  
  166  9:36  Spine Crawler  
  165  9:39  Spine Crawler  
  165  9:42  Ravager x8  
  165  9:43  Ravager x11  
  183  9:47  Roach  
  183  9:48  Roach x4  
  183  9:49  Zergling x14  
  200  10:21  Zerg Ground Armor Level 2  
  199  10:38  Zergling x2  
  199  10:39  Zergling x32  
  145  10:51  Roach x18  
  159  11:00  Roach  
  159  11:01  Roach x2  
  146  11:05  Queen x3  
  146  11:07  Roach x3  
  133  11:13  Roach x2  
  133  11:17  Roach x2  
  126  11:19  Ravager  
  126  11:20  Ravager x8  
  126  11:22  Roach  
  124  11:28  Roach  
  124  11:29  Roach x2  
  126  11:35  Roach x3  
  128  11:41  Queen x2  
  115  11:48  Roach x3  
  115  11:51  Hatchery  
  115  11:52  Queen  
  89  11:55  Roach  
  89  11:57  Roach x3  
  89  11:58  Roach x3  
  90  12:06  Roach  
  90  12:07  Roach x2  
  92  12:13  Roach  
  85  12:16  Queen  
  85  12:17  Roach  
  85  12:19  Roach x2  
  82  12:25  Ravager x3  
  82  12:26  Ravager  
  82  12:27  Queen  
  82  12:28  Roach  
  84  12:33  Roach  
  73  12:44  Roach x2  
Tags
 
Add a new tag
Caveats
  • Supply blocks, unpowered buildings, or Contaminate may cause inaccurate times.
  • Supply counts are checked every 10 seconds.